 Dungeon Crawl Stone Soup version 0.29-a0-284-gf9362112df (webtiles) character file.

Game seed: 17226444049778798941

1879 being54 the Covert (level 8, -5/40 HPs)
             Began as a Spriggan Brigand on Mar 17, 2022.
             Was an Initiate of Dithmenos.
             Splashed by a jelly's acid (8 damage)
             ... on level 6 of the Dungeon.
             The game lasted 00:16:55 (7620 turns).

being54 the Covert (Spriggan Brigand)               Turns: 7620, Time: 00:16:56

Health: -5/40      AC:  4    Str:  7    XL:     8   Next: 91%
Magic:  9/9        EV: 22    Int: 19    God:    Dithmenos [......]
Gold:   366        SH:  0    Dex: 21    Spells: 7/7 levels left

rFire   . . .      SeeInvis +   s - +3 dagger (venom)
rCold   . . .      Faith    .   (no shield)
rNeg    . . .      Spirit   .   b - +1 robe
rPois   +          Reflect  .   (helmet restricted)
rElec   .          Harm     .   c - +0 cloak
rCorr   .          Rampage  .   (gloves unavailable)
Will    +....                   (boots unavailable)
Stlth   +++++.....              (no amulet)
HPRegen 0.13/turn               l - ring "Feybawaz" {rPois Int+6 Dex+3}
MPRegen 0.11/turn               (no ring)

@: very quick
A: very small, no large weapons, unfitting armour, see invisible, speed 3
a: Renounce Religion


You were on level 6 of the Dungeon.
You worshipped Dithmenos.
Dithmenos was noncommittal.
You visited 2 branches of the dungeon, and saw 8 of its levels.
You also visited: Sewer.

You collected 366 gold pieces.

Inventory:

Hand Weapons
 s - a +3 dagger of venom (weapon)
Missiles
 d - 16 poisoned darts (quivered)
 e - 3 curare-tipped darts
 q - 3 atropa-tipped darts
Armour
 b - a +1 robe (worn)
 c - a +0 cloak (worn)
Jewellery
 l - the ring "Feybawaz" (left hand) {rPois Int+6 Dex+3}
   (You found it on level 2 of the Dungeon)

   [ring of intelligence]

   Int:       It affects your intelligence (+6).
   Dex:       It affects your dexterity (+3).
   rPois:     It protects you from poison.
Scrolls
 j - a scroll of fear
 k - 4 scrolls of teleportation
 n - a scroll of fog
Potions
 a - a potion of cancellation {unknown}
 f - 3 potions of might
 i - a potion of flight
 m - 4 potions of haste
 p - 2 potions of curing
 r - a potion of heal wounds
 u - a potion of invisibility {unknown}


   Skills:
 + Level 3.4 Fighting
 + Level 7.7 Short Blades
 + Level 2.0 Throwing
 + Level 6.3 Dodging
 + Level 12.4 Stealth


You had 7 spell levels left.
You didn't know any spells.
Your spell library contained the following spells:

 Spells                   Type           Power      Damage    Failure   Level
 Ensorcelled Hibernation  Hex/Ice        0%         N/A       30%         2
 Static Discharge         Conj/Air       0%         N/A       30%         2
 Spider Form              Tmut/Pois      0%         N/A       52%         3
 Anguish                  Hex/Necr       0%         N/A       90%         4
 Dispel Undead            Necr           0%         3d6       90%         4
 Sticky Flame             Conj/Fire      0%         2d3       90%         4


Dungeon Overview and Level Annotations

Branches:
Dungeon (7/15)             Temple (1/1) D:6           Sewer (visited)

Altars:
Cheibriados
Dithmenos
Elyvilon
Fedhas
Gozag
Hepliaklqana
Kikubaaqudgha
Nemelex Xobeh
Okawaru
Qazlal
Ru
Sif Muna
Trog
Uskayaw
Vehumet
Wu Jian
Xom
Yredelemnul
Zin
The Shining One


Innate Abilities, Weirdness & Mutations

You are very small and have problems with some larger weapons.
You are too small for most types of armour.
You have supernaturally acute eyesight. (SInv)
You cover ground extremely quickly. (Speed+++)


Message History

You hit the howler monkey.
The howler monkey is poisoned.
The howler monkey is lightly wounded.
The howler monkey hoots and howls with incredible vigour!
You hear a croak.
You hit the howler monkey.
The howler monkey looks as sick as possible!
The howler monkey is moderately wounded.
The howler monkey hoots and howls with incredible vigour!
You hear a shout!
You hit the orc.
You kill the orc!
Dithmenos accepts your kill.
You kill the howler monkey!
Dithmenos accepts your kill. The jelly hits you.
You are splashed with acid!
* * * LOW HITPOINT WARNING * * *
The howler monkey hits you!
* * * LOW HITPOINT WARNING * * *
The howler monkey hits you but does no damage.
The jelly hits you but does no damage. A mysterious force pulls you upwards.
The hatch slams shut behind you.
You kill the howler monkey!
Dithmenos accepts your kill.
You start resting.
A jelly is nearby!
There is an open door here.
There is an open door here.
You start resting.
A jelly is nearby!
You are too injured to fight recklessly!
You are too injured to fight recklessly!
There is an open door here.
You barely miss the jelly. You hit the jelly.
Your hands burn!
* * * LOW HITPOINT WARNING * * *
The jelly is lightly wounded.
The jelly hits you.
* * * LOW HITPOINT WARNING * * *
You are splashed with acid!
You die...

#..).)#.....#...#..#.#.#.#.#.....
#.....#.....+...#................
#...).#.....#...#..#.#.#.#.#.....
##...##.....#'###.##..J..J.......
##...###+#.....##'##..###'#####+#
#........#.....#[..#............#
#?.......#.....#...#............#
#........'.....#'###..##....##..#
##..###'##.....#@.##..##....##..#
##..###..##....#.J#...#.........#
..........#....'..'..>'.........+
..........#....#..##..#####'#####
....#####'#....########......#..#
###'#......##### #......'..'
#...'......#...# #......#..#
#...#......#...# #####......#..#
##'##......##..# #......#####..#


You could see a jelly.

Vanquished Creatures
  Eustachio (D:6)
  A steam dragon (D:4)
  A water moccasin (D:4)
  Pargi (Sewer)
  2 ice beasts
  An ogre (D:6)
  A sky beast (D:5)
  A black bear (D:6)
  A necrophage (D:6)
  A scorpion (D:6)
  4 howler monkeys
  A hound (D:4)
  4 orc priests
  Crazy Yiuf (D:4)
  3 iguanas
  5 orc wizards
  8 gnolls (D:3)
  9 adders
  A river rat (D:6)
  A shadow imp (D:3)
  3 white imps
  2 worms
  4 dart slugs
  28 orcs
  4 endoplasms
  13 giant cockroaches
  5 goblins
  2 hobgoblins
  6 jackals
  7 quokkas
  8 ball pythons
  2 bats
  5 frilled lizards
  8 kobolds
  3 rats
148 creatures vanquished.

Vanquished Creatures (others)
  A fungus (D:4)
1 creature vanquished.

Grand Total: 149 creatures vanquished

Notes
Turn   | Place    | Note
-------+----------+-------------------------------------------
     0 | D:1      | being54 the Spriggan Brigand began the quest for the Orb.
     0 | D:1      | Reached XP level 1. HP: 10/10 MP: 2/2
    62 | D:1      | Reached skill level 6 in Stealth
   204 | D:1      | Reached XP level 2. HP: 14/14 MP: 3/3
   728 | D:2      | Reached skill level 7 in Stealth
   830 | D:2      | Reached XP level 3. HP: 16/18 MP: 4/4
  1255 | D:2      | Identified the ring "Feybawaz" {rPois Int+6 Dex+3}
  1871 | D:3      | Reached XP level 4. HP: 12/23 MP: 5/5
  2146 | D:3      | Reached skill level 8 in Stealth
  2389 | D:3      | Reached XP level 5. HP: 20/26 MP: 6/6
  3299 | D:4      | Noticed a steam dragon
  3301 | D:4      | Killed a steam dragon
  3302 | D:4      | Reached skill level 9 in Stealth
  3302 | D:4      | Reached XP level 6. HP: 30/30 MP: 7/7
  3531 | D:4      | Reached skill level 5 in Short Blades
  4010 | D:4      | Noticed a water moccasin
  4023 | D:4      | Killed a water moccasin
  4024 | D:4      | Reached XP level 7. HP: 30/35 MP: 8/8
  4275 | D:4      | Found a sparkling altar of Nemelex Xobeh.
  4453 | D:4      | Found a blossoming altar of Fedhas.
  4564 | D:4      | Found a runed translucent door.
  4565 | D:4      | Noticed Crazy Yiuf
  4572 | D:4      | Killed Crazy Yiuf
  4611 | D:5      | Entered Level 5 of the Dungeon
  4646 | D:5      | Reached skill level 10 in Stealth
  5622 | D:6      | Reached XP level 8. HP: 39/39 MP: 9/9
  5655 | D:6      | Reached skill level 11 in Stealth
  5683 | D:6      | Found an ornate altar of the Wu Jian Council.
  5793 | D:6      | Found a staircase to the Ecumenical Temple.
  5908 | D:6      | Found a glowing drain.
  5912 | Sewer    | Entered a sewer
  5961 | Sewer    | Noticed Pargi
  5973 | Sewer    | Killed Pargi
  5974 | Sewer    | Reached skill level 5 in Dodging
  6127 | Temple   | Entered the Ecumenical Temple
  6219 | Temple   | Became a worshipper of Dithmenos the Shadowed
  6323 | D:6      | Noticed Eustachio
  6345 | D:6      | Killed Eustachio
  6618 | D:6      | Reached skill level 12 in Stealth
  7529 | D:7      | Found a shimmering altar of Xom.
  7620 | D:6      | Splashed by a jelly's acid

Illustrated notes

Levels and vault maps discovered:
D:1:      wander_arrival_estate, layout_loops_ring,
          chequers_serial_rivers_small_b
D:2:      minmay_roachtagon, layout_basic, grunt_ministairs_14
D:3:      layout_basic, serial_bayou_pond_a
D:4:      layout_loops_ring, mainiacjoe_overflow_alcove_1,
          nemelex_xobeh_ov_fountains_minmay, uniq_crazy_yiuf_cottage
D:5:      layout_rooms
D:6:      layout_gridville, mainiacjoe_overflow_concentric_impassable,
          minmay_temple_entry_grid, gup_sewer_entry_spiral, st_stairs_9,
          uniq_eustachio
D:7:      layout_cave_pools, mainiacjoe_overflow_cross_hatched,
          gammafunk_ghost_cemetery, uniq_pikel
Temple:   lightli_temple_of_artemis

Skill      XL: |  1  2  3  4  5  6  7  8 |
---------------+-------------------------+-----
Stealth        | 6 7 8 9 10 12 | 12.4
Dodging        | 2 3 4 6 |  6.3
Short Blades   | 3 4 5 6 7 |  7.7
Fighting       | 2 3 |  3.4
Throwing       | |  2.0

Action                   |  1- 3 |  4- 6 |  7- 9 || total
-------------------------+-------+-------+-------++-------
Melee: Dagger            |   133 |   142 |   293 ||   568
       Punch             |       |     3 |     4 ||     7
  Use: Scroll            |     7 |     2 |     9 ||    18
       Potion            |       |     3 |       ||     3
 Stab: Sleeping          |    16 |     9 |    12 ||    37
       Distracted        |     1 |       |       ||     1
Armor: Robe              |    17 |    10 |    24 ||    51
Dodge: Dodged            |    95 |    82 |   171 ||   348

Table legend: (Time is in decaauts)
 A = Elapsed time spent in this place.
 B = Non-inter-level travel time spent in this place.
 C = Inter-level travel time spent in this place.
 D = Time resting spent in this place.
 E = Time spent auto-exploring this place.
 F = Levels seen in this place.
 G = Mean time per level.
                   A        B        C        D        E       F      G
               +--------+--------+--------+--------+--------+-----+--------+
         Total |   5871 |   5555 |    316 |   2003 |   2547 |   9 |  652.3 |
       Dungeon |   5679 |   5378 |    301 |   2003 |   2428 |   7 |  811.3 |
        Temple |     71 |     56 |     15 |      0 |     49 |   1 |   71.0 |
         Sewer |    120 |    120 |      0 |      0 |     69 |   1 |  120.0 |
               +--------+--------+--------+--------+--------+-----+--------+

Top non-repeatable levels by time:
     D:4: 1411 daAuts
     D:6: 1342 daAuts
     D:2: 842 daAuts
     D:5: 802 daAuts
     D:3: 795 daAuts
     D:1: 451 daAuts
   Sewer: 120 daAuts
  Temple: 71 daAuts
     D:7: 33 daAuts
